 Seeded DCSS version 0.25-a0-96-g4073cf8 (webtiles) character file.

Game seed: 633108343144502177, levelgen mode: deterministic

2765 Blackhawk the Fighter (level 10, -3/82 HPs)
             Began as a Formicid Hunter on Nov 11, 2019.
             Was an Initiate of Okawaru.
             Slain by Harold
             ... wielding a +0 trident
              (16 damage)
             ... on level 7 of the Dungeon.
             The game lasted 00:22:02 (11103 turns).

Blackhawk the Fighter (Formicid Hunter)            Turns: 11103, Time: 00:22:02

Health: -3/82      AC:  3    Str: 15    XL:     10   Next: 1%
Magic:  10/10      EV: 16    Int:  9    God:    Okawaru [......]
Gold:   300        SH:  0    Dex: 15    Spells: 9/9 levels left

rFire    + . .     SeeInvis +   a - +1 hand crossbow
rCold    x . .     Gourm    .   (no shield)
rNeg     + . .     Faith    .   C - +0 leather armour "Wuomaego" {+Blink rN+ Int-3}
rPois    .         Spirit   .   (helmet unavailable)
rElec    .         Reflect  .   (no cloak)
rCorr    +         Harm     .   (no gloves)
MR       +....                  (no boots)
Stlth    ++........             (no amulet)
HPRegen  0.23/turn              u - ring of fire
MPRegen  0.12/turn              j - ring of resist corrosion

@: marked
A: permanent stasis, dig shafts and tunnels, four strong arms, antennae 3,
talons 1, agile 1, weak 1
a: Dig, Shaft Self, Renounce Religion


You were on level 7 of the Dungeon.
You worshipped Okawaru.
Okawaru was noncommittal.
You were not hungry.

You visited 2 branches of the dungeon, and saw 8 of its levels.
You also visited: Sewer.

You collected 300 gold pieces.

Inventory:

Hand Weapons
 a - a +1 hand crossbow (weapon)
 b - a +2 dagger of venom
 i - a +0 dagger
 s - a +0 short sword
Missiles
 d - 44 bolts (quivered)
 z - a throwing net
Armour
 c - a +1 leather armour
 C - the +0 leather armour "Wuomaego" (worn) {+Blink rN+ Int-3}
   (You found it on level 6 of the Dungeon)

   It affects your intelligence (-3).
   It protects you from negative energy.
   It lets you blink.
Jewellery
 j - a ring of resist corrosion (right hand)
 u - a ring of fire (left hand)
Wands
 x - a wand of digging (4)
 y - a wand of random effects (17)
Scrolls
 e - 3 scrolls of blinking {unknown}
 g - a scroll of fog {unknown}
 h - 11 scrolls of identify
 k - a scroll of enchant weapon {unknown}
 m - 2 scrolls of teleportation
 n - 2 scrolls of amnesia {unknown}
 v - 2 scrolls of fear
 w - 2 scrolls of immolation {unknown}
 B - a scroll of vulnerability {unknown}
 D - 2 scrolls of remove curse
Potions
 l - a potion of might {unknown}
 o - a potion of heal wounds {unknown}
 p - 4 potions of flight
 q - a potion of mutation
 t - 3 potions of curing {unknown}
 A - a potion of lignification {unknown}
Comestibles
 f - 14 rations
 r - 2 chunks of flesh


   Skills:
 * Level 8.6 Fighting
 + Level 0.7 Short Blades
 + Level 8.4 Crossbows
 + Level 7.0 Dodging
 + Level 1.9 Stealth


You had 9 spell levels left.
You didn't know any spells.
Your spell library was empty.

Dungeon Overview and Level Annotations

Branches:
Dungeon (7/15)             Temple (1/1) D:6           Sewer (visited)

Altars:
Cheibriados
Gozag
Makhleb
Nemelex Xobeh
Okawaru
Qazlal
Ru
Vehumet
Wu Jian
Zin

Annotations:
D:4 2 transporters
D:6 1 exclusion
D:7 Harold


Innate Abilities, Weirdness & Mutations

You cannot be hasted, slowed, berserked, paralysed or teleported.
You can dig through walls and to a lower floor.
Your four strong arms can wield two-handed weapons with a shield.
You have a pair of large antennae on your head. (SInv)
You have sharp toenails.
You are agile. (Dex +2)
You are weak. (Str -2)


Message History

Harold gestures at you while chanting. The mark upon you grows brighter.
Your +2 dagger of venom stops dripping with poison.
a - a +1 hand crossbow (weapon)
You are too injured to fight recklessly!
Firing (i - inventory. (/) - cycle)
d - 46 bolts (quivered)
Press: ? - help, Shift-Dir - straight line, f - Harold
Aim: Harold, wielding a +0 trident and wearing a +0 scale mail (almost dead, poisoned)
You shoot a bolt. The bolt barely misses Harold.
Firing (i - inventory. (/) - cycle)
d - 45 bolts (quivered)
Press: ? - help, Shift-Dir - straight line, f/p - Harold
Aim: Harold, wielding a +0 trident and wearing a +0 scale mail (almost dead, poisoned)
You shoot a bolt. The bolt hits Harold!
Harold is almost dead.
Harold gestures at you while chanting. The harpoon shot hits you!
* * * LOW HITPOINT WARNING * * *
You are yanked forward by the harpoon shot.
Harold hits you with a +0 trident!
You die...

#.....#
#.#(###########
#.....######
#.............#
#.....'....#
###.#########.#
#.....####.# #@.......
#.# ####.#<..#.#
#..###### #.#
#.#.#.#.# #..# #.#
#.### #.# #..# ###.#
#. #.#####.(#{ #...#
##
#....@@..#.####.######
########.#............
#.######.######
#........# ########.#
###


You could see Harold.

Vanquished Creatures
  Pikel (D:3)
  Grinder (D:3)
  Sigmund (D:6)
  Eustachio (D:6)
  An ice beast (D:6)
  A sky beast (D:4)
  A necrophage (D:6)
  An ogre (D:4)
  A centaur (D:6)
  A big kobold (Sewer)
  2 bullfrogs (D:6)
  2 scorpions
  A wyvern skeleton (D:5)
  A bullfrog zombie (D:5)
  3 crimson imps
  2 hounds
  2 quasits (Sewer)
  A jelly (D:5)
  A bullfrog skeleton (D:6)
  2 orc priests
  Natasha (thrice) (D:4 D:5)
  2 orc wizards (D:4)
  3 worker ants
  A big kobold zombie (Sewer)
  A hound zombie (D:6)
  A hound skeleton (D:6)
  A howler monkey zombie (D:5)
  A mummy (D:5)
  A worker ant zombie (D:6)
  7 gnolls (D:6)
  7 adders
  5 shadow imps
  4 ufetubi (Sewer)
  An adder skeleton (D:4)
  4 worms
  5 dart slugs
  2 leopard geckos
  30 orcs
  3 ball pythons
  7 giant cockroaches
  11 goblins
  9 hobgoblins
  2 quokkas
  6 bats
  5 frilled lizards
  A giant cockroach zombie (Sewer)
  26 kobolds
  24 rats
200 creatures vanquished.

Vanquished Creatures (others)
  A big kobold zombie (Sewer)
  An ooze (Sewer)
2 creatures vanquished.

Grand Total: 202 creatures vanquished

Notes
Turn   | Place    | Note
-------+----------+-------------------------------------------
     0 | D:1      | Blackhawk the Formicid Hunter began the quest for the Orb.
     0 | D:1      | Reached XP level 1. HP: 16/16 MP: 1/1
   558 | D:1      | Reached XP level 2. HP: 15/23 MP: 2/2
  1622 | D:2      | Reached XP level 3. HP: 28/28 MP: 3/3
  2033 | D:2      | Reached XP level 4. HP: 35/35 MP: 4/4
  2690 | D:2      | Reached XP level 5. HP: 41/41 MP: 5/5
  2811 | D:3      | Found a faded altar of an unknown god.
  2853 | D:3      | Found a glowing drain.
  2883 | Sewer    | Entered a sewer
  3418 | Sewer    | Found a burning altar of Makhleb.
  3454 | Sewer    | Gained mutation: You are weak. (Str -2) [potion of
                  | mutation]
  3454 | Sewer    | Gained mutation: You have sharp toenails. [potion of
                  | mutation]
  3454 | Sewer    | Gained mutation: You are agile. (Dex +2) [potion of
                  | mutation]
  3468 | Sewer    | Reached skill level 5 in Crossbows
  3491 | Sewer    | Reached XP level 6. HP: 13/48 MP: 6/6
  4773 | D:3      | Noticed Grinder
  4786 | D:3      | Killed Grinder
  4786 | D:3      | Reached skill level 5 in Fighting
  4786 | D:3      | Reached XP level 7. HP: 13/56 MP: 7/7
  5231 | D:4      | Noticed Natasha
  5242 | D:4      | Killed Natasha
  5522 | D:4      | Noticed Natasha
  5530 | D:4      | Noticed Pikel
  5531 | D:4      | Killed Natasha
  5584 | D:3      | Killed Pikel
  5584 | D:3      | Reached skill level 5 in Dodging
  5584 | D:3      | Reached XP level 8. HP: 7/65 MP: 8/8
  6358 | D:4      | Found a transporter.
  6963 | D:4      | Found a transporter.
  7194 | D:5      | Entered Level 5 of the Dungeon
  7486 | D:5      | Reached XP level 9. HP: 68/72 MP: 9/9
  8097 | D:5      | Found a radiant altar of Vehumet.
  8229 | D:5      | Noticed Natasha
  8238 | D:5      | Killed Natasha
  9168 | D:6      | Noticed Eustachio
  9272 | D:6      | Noticed Sigmund
  9281 | D:6      | Killed Sigmund
  9848 | D:6      | Got a faintly glowing leather armour
  9859 | D:6      | Identified the +0 leather armour "Wuomaego" {+Blink rN+
                  | Int-3} (You found it on level 6 of the Dungeon)
 10097 | D:6      | Killed Eustachio
 10698 | D:6      | Found a staircase to the Ecumenical Temple.
 10704 | Temple   | Entered the Ecumenical Temple
 10739 | Temple   | Became a worshipper of Warmaster Okawaru
 10886 | D:7      | Noticed Harold
 10928 | D:7      | Reached XP level 10. HP: 61/82 MP: 10/10
 11103 | D:7      | Slain by Harold

Levels and vault maps discovered:
D:1:      dpeg_arrival_orchard, layout_loops_ring, serial_glass,
          glass_columns_b, glass_columns_c, glass_columns_a, glass_columns_b,
          glass_columns_a, glass_columns_b
D:2:      cheibrodos_old_hovel, layout_basic
D:3:      layout_rooms, chequers_ecumenical_altar_simple_redux, first_ration,
          cheibrodos_sewer_entry_bend, minmay_rat_hole, uniq_grinder
D:4:      gammafunk_cloud_chamber, layout_layer_cave, uniq_natasha, uniq_pikel
D:5:      minmay_recursive_quarters, layout_loops_corners, vehumet_crystals,
          gup_ossuary_entry_pyramid, minmay_misc_feat_enclosed,
          dk_noncrumbling_3
D:6:      corexii_shantytown, layout_loops_corners, minmay_temple_entry_hall,
          uniq_eustachio, uniq_sigmund
D:7:      layout_basic, hellmonk_ghost_happy_afterlife, uniq_harold
Temple:   regret_index_temple_sigil_plot

Skill      XL: |  1  2  3  4  5  6  7  8  9 |
---------------+----------------------------+-----
Dodging        | 2 3 4 5 7 |  7.0
Fighting       | 3 4 5 6 7 8 |  8.6
Crossbows      | 5 6 7 8 |  8.4
Short Blades   | |  0.7
Stealth        | |  1.9

Action                   |  1- 3 |  4- 6 |  7- 9 | 10-12 || total
-------------------------+-------+-------+-------+-------++-------
Melee: Short sword       |   102 |       |       |       ||   102
       Dagger            |       |   188 |   392 |    12 ||   592
       Kick              |       |    11 |   123 |    10 ||   144
 Fire: Hand crossbow     |    22 |    38 |       |     2 ||    62
  Use: Potion            |       |     5 |       |       ||     5
       Scroll            |       |       |     7 |       ||     7
 Stab: Sleeping          |       |     1 |     3 |       ||     4
  Eat: Chunk             |     3 |     5 |    18 |       ||    26
       Ration            |       |     1 |     1 |       ||     2
Armor: Leather armour    |    29 |    70 |    42 |     1 ||   142
Dodge: Dodged            |    69 |   190 |   279 |     4 ||   542

Table legend:
 A = Non-vault XP
 B = Vault XP
 C = Vault XP percentage of total XP
 D = Non-vault monster count
 E = Vault monster count
 F = Vault count percentage of total count
                 A         B        C        D         E       F
            +---------+---------+-------+---------+---------+-------
      Total |    1880 |    2071 |  52.4 |     105 |      95 |  47.5
            +---------+---------+-------+---------+---------+-------
        D:1 |      21 |       0 |   0.0 |      12 |       0 |   0.0
        D:2 |      95 |       2 |   2.1 |      22 |       1 |   4.3
        D:3 |      31 |     982 |  96.9 |      10 |      23 |  69.7
        D:4 |     444 |      36 |   7.5 |      21 |       1 |   4.5
        D:5 |     348 |     188 |  35.1 |      19 |       5 |  20.8
        D:6 |     837 |     563 |  40.2 |      19 |      33 |  63.5
        D:7 |     104 |       0 |   0.0 |       2 |       0 |   0.0
      Sewer |       0 |     300 | 100.0 |       0 |      32 | 100.0
            +---------+---------+-------+---------+---------+-------
